AoeStats
← LemurChef278

Yucatan

510835768Analyzed
2v2 RM · 11h ago on Oct 2, 2026· 38m 46s· 4 players
Game mode
Random Map
Map size
Medium (4 player)
Population
200
Speed
Normal
Resources
Standard
Victory
Conquest
Starting age
Dark Age
Ending age
Imperial Age
RankedLock teamsTeams togetherTeam positionsShared explorationLock speedFull tech treeHidden civsTurbo modeCheats
Victory
Defeat
🇳🇱 Goths · Netherlands
907
+16
🇧🇷 Mongols · Brazil
883
+17
🇩🇪 Armenians · Germany
907
-17
🇩🇪 Vikings · Germany
906
-16
victoragro7
5:06 Loom
11:12 Feudal Age
12:29 Double-Bit Axe
13:44 Forging
15:38 Castle Age
23:29 Fletching
SKAY
0:28 Loom
11:44 Feudal Age
16:52 Castle Age
16:53 Man-at-Arms
26:29 Scale Mail Armor
29:39 Forging
31:35 Iron Casting
32:37 Chain Mail Armor
33:01 Horse Collar
35:52 Wheelbarrow
36:23 Long Swordsman
37:33 Heavy Plow
37:56 Double-Bit Axe
LemurChef278
10:59 Feudal Age
11:01 Man-at-Arms
11:41 Double-Bit Axe
12:32 Long Swordsman
14:23 Scale Mail Armor
14:23 Arson
16:42 Forging
27:47 Loom
30:03 Castle Age
29:41 Horse Collar
30:29 Two-Handed Swordsman
Soulman
10:30 Feudal Age
10:41 Man-at-Arms
19:16 Scale Mail Armor
19:28 Forging
20:41 Horse Collar
20:49 Double-Bit Axe
25:08 Castle Age
23:51 Arson
23:55 Arson
24:52 Loom
25:08 Fletching
25:18 Padded Archer Armor
25:27 Elite Skirmisher
26:10 Squires
27:14 Gold Mining
27:16 Stone Mining
35:25 Bow Saw
37:14 Ballistics
Connection lost

Rejoining the realm…

Still unreachable

The connection could not be restored.

Session expired

The server has moved on; the page needs a fresh start.